 Dungeon Crawl Stone Soup version 0.22-a0-512-g0943f25 (webtiles) character file.

1938 CougarLife the Grappler (level 8, -1/75 HPs)
             Began as a Troll Monk on June 18, 2018.
             Slain by an ice beast (11 damage)
             ... on level 6 of the Dungeon.
             The game lasted 00:05:50 (4066 turns).

CougarLife the Grappler (Troll Monk)                Turns: 4066, Time: 00:05:51

Health: -1/75      AC:  5    Str: 21    XL:     8   Next: 97%
Magic:  7/7        EV:  7    Int:  7    God:
Gold:   304        SH: 14    Dex: 12    Spells: 7/7 levels left

rFire    . . .     SeeInvis .     - Unarmed
rCold    . . .     Gourm    +   h - +0 large shield
rNeg     . . .     Faith    .   a - +0 robe
rPois    .         Spirit   .   (helmet restricted)
rElec    .         Reflect  .   (no cloak)
rCorr    .         Harm     .   (gloves unavailable)
MR       .....                  (boots unavailable)
Stlth    ++........             (no amulet)
HPRegen  0.62/turn              (no ring)
MPRegen  0.10/turn              (no ring)

@: no status effects
A: large, unfitting armour, claws 3, fast metabolism 3, gourmand, regeneration
1, shaggy fur 1, tough skin 2
a: no special abilities


You were on level 6 of the Dungeon.
You were very full.

You visited 1 branch of the dungeon, and saw 6 of its levels.

You collected 304 gold pieces.

Inventory:

Missiles
 q - 2 throwing nets (quivered)
Armour
 a - a +0 robe (worn)
 h - a +0 large shield (worn)
Jewellery
 d - an uncursed amulet of rage {unknown}
 e - a +3 amulet of reflection {unknown}
 s - a +1 ring of protection {unknown}
Wands
 w - a wand of digging (13)
 y - a wand of polymorph (28)
Scrolls
 c - 5 scrolls of identify {unknown}
 f - 6 scrolls of teleportation {unknown}
 i - a scroll of enchant weapon {unknown}
 m - a scroll of remove curse {unknown}
 p - a scroll of noise {unknown}
 u - 2 scrolls of amnesia {unknown}
Potions
 g - 2 potions of curing {unknown}
 j - a potion of invisibility {unknown}
 k - 2 potions of cancellation {unknown}
 l - 2 potions of brilliance {unknown}
 n - a potion of might {unknown}
 o - 2 potions of mutation {unknown}
 r - 4 potions of resistance {unknown}
 t - a potion of heal wounds {unknown}
 x - 3 potions of agility {unknown}
Comestibles
 b - 15 rations


   Skills:
 - Level 3.3 Fighting
 - Level 3.1 Dodging
 - Level 1.0 Stealth
 - Level 4.0 Shields
 + Level 10.2 Unarmed Combat


You had 7 spell levels left.
You didn't know any spells.
Your spell library contained the following spells:

 Spells                   Type           Power        Failure   Level  Hunger
 Confuse                  Hex            #.......     100%        3    ####...
 Confusing Touch          Hex            #.....       99%         1    ##.....
 Metabolic Englaciation   Hex/Ice        #.........   100%        5    ######.
 Petrify                  Tmut/Erth      #.......     100%        4    #####..
 Gell's Gravitas          Tloc           #.........   100%        3    ####...
 Yara's Violent Unravell  Hex/Tmut       #.........   100%        5    ######.


Dungeon Overview and Level Annotations

Branches:
Dungeon (6/15)
 Temple: D:4-7

Altars:
Ashenzari
Cheibriados
Elyvilon
Hepliaklqana
Kikubaaqudgha
Nemelex Xobeh
Okawaru
Vehumet

Shops:
D:4 }


Innate Abilities, Weirdness & Mutations

You are too large for most types of armour.
You have claws for hands.
Your metabolism is lightning-fast.
You like to eat raw meat.
Your natural rate of healing is unusually fast.
You are covered in fur. (AC +1)
You have very tough skin. (AC +2)


Message History

* * * LOW HITPOINT WARNING * * *
The bullfrog hits you!
* * * LOW HITPOINT WARNING * * *
You claw the bullfrog!
The bullfrog is moderately wounded.
The bullfrog completely misses you.
You claw the bullfrog!
The bullfrog is severely wounded.
You block the bullfrog's attack. x2
You claw the bullfrog!
You kill the bullfrog!
You closely miss the ice beast.
The ice beast is moderately wounded.
The ice beast hits you but does no damage.
You claw the ice beast!
The ice beast is almost dead.
The ice beast hits you.
* * * LOW HITPOINT WARNING * * *
The ice beast freezes you!
You die...

##
#######################.
#......##...............
#.....Y@..#.###########.
#....#.##...# #....
#.#..#.###### #.##.
#.##.#.# #.##. #.##.#.#
#.##. #......# #.##.
####.### ....... #.###
#.# ....... #.... #.#
....... #####


You could see an ice beast.

Vanquished Creatures
  2 sky beasts
  2 ice beasts (D:6)
  A black bear (D:6)
  An ogre (D:3)
  A phantom (D:5)
  2 bullfrogs (D:6)
  A scorpion (D:6)
  4 howler monkeys
  4 crimson imps
  A quasit (D:5)
  2 orc priests
  3 centaur skeletons
  A bullfrog skeleton (D:5)
  A gnoll shaman (D:5)
  2 iguanas
  4 orc wizards
  7 worker ants
  3 hound skeletons
  A worker ant zombie (D:5)
  7 gnolls
  6 adders
  2 shadow imps (D:5)
  An ooze (D:3)
  3 adder skeletons
  3 adder zombies
  2 leopard geckos (D:2)
  8 orcs
  4 giant cockroaches
  4 goblins
  7 hobgoblins
  5 jackals
  2 quokkas
  9 bats
  6 frilled lizards
  6 kobolds
  A quokka skeleton (D:6)
  8 rats
127 creatures vanquished.

Notes
Turn   | Place    | Note
-------+----------+-------------------------------------------
     0 | D:1      | CougarLife the Troll Monk began the quest for the Orb.
     0 | D:1      | Reached XP level 1. HP: 22/22 MP: 0/0
   608 | D:2      | Reached XP level 2. HP: 25/29 MP: 1/1
   703 | D:2      | Found a radiant altar of Vehumet.
   871 | D:2      | Noticed a howler monkey
   875 | D:2      | Killed a howler monkey
   875 | D:2      | Reached XP level 3. HP: 34/37 MP: 2/2
  1073 | D:2      | Reached XP level 4. HP: 38/45 MP: 3/3
  1367 | D:3      | Reached skill level 1 in Shields
  1441 | D:3      | Reached XP level 5. HP: 53/53 MP: 4/4
  1696 | D:3      | Noticed an ogre
  1710 | D:3      | Killed an ogre
  1885 | D:3      | Found a shattered altar of Ashenzari.
  2011 | D:4      | Found Besmar's Gadget Boutique.
  2020 | D:4      | Reached XP level 6. HP: 61/61 MP: 5/5
  2271 | D:4      | Reached skill level 4 in Unarmed Combat
  2484 | D:4      | Found an iron altar of Okawaru.
  2601 | D:4      | Reached XP level 7. HP: 67/67 MP: 6/6
  2665 | D:4      | Found a sparkling altar of Nemelex Xobeh.
  2815 | D:5      | Entered Level 5 of the Dungeon
  2854 | D:5      | Reached skill level 5 in Unarmed Combat
  2969 | D:5      | Reached skill level 6 in Unarmed Combat
  2990 | D:5      | HP: 2/67 [bullfrog skeleton (5)]
  3195 | D:5      | Found a shattered altar of Ashenzari.
  3240 | D:5      | Found a hazy altar of Hepliaklqana.
  3240 | D:5      | Found an ancient bone altar of Kikubaaqudgha.
  3251 | D:5      | Found a snail-covered altar of Cheibriados.
  3264 | D:5      | Reached skill level 7 in Unarmed Combat
  3285 | D:5      | Reached XP level 8. HP: 68/75 MP: 7/7
  3544 | D:6      | Reached skill level 8 in Unarmed Combat
  3803 | D:6      | Reached skill level 9 in Unarmed Combat
  3922 | D:6      | Found a white marble altar of Elyvilon.
  4029 | D:6      | Reached skill level 10 in Unarmed Combat
  4066 | D:6      | Slain by an ice beast

Vault maps used:
D:1:      dpeg_arrival_tiny_a
D:2:      old_standard_altar
D:3:      cheibrodos_ashenzari_chains, serial_glass, glass_columns_a,
          glass_columns_a, glass_columns_a, glass_columns_a, glass_columns_c,
          glass_columns_a, glass_columns_a, glass_columns_a, glass_columns_b,
          glass_columns_a, due_unseen_surprise, minmay_strange_pillars,
          hangedman_decor_clover_reticule, kennysheep_generic_room_13
D:4:      okawaru_altar_gauntlet_db, serial_shops, shop,
          nemelex_diamond_rough_becter
D:5:      gammafunk_temple_overflow_wave, first_ration,
          hangedman_feature_mirror, minmay_checkerbox
D:6:      elyvilon_altar_4

Skill      XL: |  1  2  3  4  5  6  7  8 |
---------------+-------------------------+-----
Dodging        | 3 |  3.1
Fighting       | 3 |  3.3
Shields        | 2 3 4 |  4.0
Unarmed Combat | 4 7 10 | 10.2
Stealth        | |  1.0

Action                   |  1- 3 |  4- 6 |  7- 9 || total
-------------------------+-------+-------+-------++-------
Melee: Unarmed           |    57 |   151 |   221 ||   429
 Stab: Sleeping          |     1 |     2 |     1 ||     4
       Distracted        |     1 |       |       ||     1
  Eat: Chunk             |    14 |    16 |    13 ||    43
Armor: Robe              |    28 |    55 |    78 ||   161
Dodge: Dodged            |    24 |    48 |    52 ||   124
Block: Large shield      |    17 |   123 |   175 ||   315

Table legend:
 A = Spawn XP
 B = Non-spawn XP
 C = Spawn XP percentage of total XP
 D = Spawn monster count
 E = Non-spawn monster count
 F = Spawn count percentage of total count
 G = Total turns spent on level
                    A         B        C        D         E        F      G
               +---------+---------+-------+---------+---------+-------+---------
         Total |       0 |    2769 |   0.0 |       0 |     127 |   0.0 |  4066
               +---------+---------+-------+---------+---------+-------+---------
           D:1 |       0 |      11 |   0.0 |       0 |      10 |   0.0 |   560
           D:2 |       0 |      89 |   0.0 |       0 |      18 |   0.0 |   797
           D:3 |       0 |     264 |   0.0 |       0 |      22 |   0.0 |   654
           D:4 |       0 |     371 |   0.0 |       0 |      25 |   0.0 |   804
           D:5 |       0 |     801 |   0.0 |       0 |      30 |   0.0 |   651
           D:6 |       0 |    1233 |   0.0 |       0 |      22 |   0.0 |   600
               +---------+---------+-------+---------+---------+-------+---------
